Map: Ephemeron LE

Players

Cabruto

  • Race: Terran Terran
  • League: Bronze
  • Spawn Location: 5:00

Ratl - Winner!

  • Race: Protoss Protoss
  • League: Silver
  • Spawn Location: 11:00

VOD

Have the link to the VOD?

Description

Time

  • Played on: Jan. 14, 2020, 1:41 p.m.
  • Length: 14:33
Show
View Real Time Build Order
Export as new Build Order

Cabruto Terran 

Build Orders:  

Get SALT Encoding   

  12  0:01  SCV  
  13  0:16  Supply Depot  
  13  0:18  SCV  
  14  0:30  SCV  
  15  0:39  Supply Depot  
  15  0:42  SCV  
  16  0:54  SCV  
  17  1:00  Refinery  
  17  1:02  Supply Depot  
  17  1:06  SCV  
  18  1:18  SCV  
  19  1:26  Refinery  
  19  1:30  SCV, Barracks  
  20  1:43  SCV  
  21  1:52  Barracks  
  21  1:55  SCV  
  22  2:07  SCV  
  23  2:19  SCV  
  23  2:21  Engineering Bay  
  24  2:24  Barracks Reactor  
  24  2:41  Factory  
  24  2:42  Barracks Tech Lab  
  24  2:54  Supply Depot  
  24  3:13  Marine x2, Marauder  
  24  3:17  Supply Depot  
  28  3:22  SCV  
  29  3:29  Supply Depot  
  29  3:31  Hellion  
  29  3:32  Marine  
  31  3:53  Hellion  
  33  3:56  Marine x2, Marauder  
  37  4:14  Marine x2  
  37  4:15  Missile Turret  
  39  4:17  Marauder  
  39  4:21  Bunker  
  41  4:28  Missile Turret  
  41  4:29  Factory Tech Lab  
  41  4:31  Marine x2  
  41  4:38  Marine, Combat Shield  
  43  4:40  Starport  
  44  4:49  Marine x2  
  46  4:56  Marine  
  47  5:00  Sensor Tower  
  47  5:05  Terran Infantry Weapons Level 1  
  47  5:06  Armory  
  47  5:15  Orbital Command  
  47  5:31  Medivac, Supply Depot  
  47  5:34  Marine x2  
  51  5:38  Marine  
  52  5:57  Stimpack  
  52  6:00  Siege Tank  
  55  6:19  Terran Vehicle Weapons Level 1  
  55  6:32  Siege Tank  
  58  6:49  Missile Turret  
  58  6:53  Command Center  
  58  7:01  Refinery  
  58  7:37  Concussive Shells  
  58  8:02  Supply Depot  
  58  8:04  Supply Depot  
  58  8:11  Supply Depot  
  58  8:15  SCV x2  
  60  8:26  Supply Depot  
  60  8:27  SCV x2  
  60  8:29  Missile Turret  
  62  8:39  SCV  
  63  9:02  Missile Turret  
  63  9:24  Supply Depot, Refinery  
  63  9:25  Supply Depot  
  63  9:26  Missile Turret  
  63  9:31  SCV  
  63  9:32  SCV  
  63  9:35  Marauder  
  63  9:38  Marine  
  68  9:39  Marine  
  68  9:43  SCV  
  68  9:44  SCV  
  71  9:47  Missile Turret  
  71  9:50  Barracks  
  71  9:56  SCV, Marine, Marauder  
  75  10:09  Missile Turret  
  75  10:20  Sensor Tower  
  75  10:30  Missile Turret  
  75  10:33  Orbital Command  
  75  10:34  SCV  
  76  10:39  Barracks Tech Lab  
  78  10:43  Marine x2, Marauder  
  78  10:45  Siege Tank  
  78  10:46  SCV  
  78  10:47  Medivac  
  86  10:52  Missile Turret  
  86  10:58  SCV  
  86  10:59  Terran Infantry Armor Level 1  
  86  11:01  Marine x2  
  86  11:03  Marine, Terran Vehicle And Ship Armor Level 1  
  86  11:04  Starport  
  90  11:10  SCV  
  91  11:17  Siege Tank  
  94  11:18  Marine  
  94  11:19  Marine, Missile Turret  
  94  11:21  Marine  
  94  11:22  SCV  
  98  11:36  Marine, Marauder  
  98  11:37  Marine  
  98  11:39  Marine  
  103  11:42  Missile Turret  
  103  11:49  Siege Tank  
  106  11:54  Marine x2  
  106  11:57  Marine, Marauder  
  111  12:05  Starport Tech Lab x2  
  111  12:12  Missile Turret  
  111  12:19  Command Center  
  111  12:35  Missile Turret  
  111  12:36  Refinery  
  111  12:47  Supply Depot  
  111  12:49  Supply Depot  
  111  12:52  Supply Depot  
  111  12:53  Hi-Sec Auto Tracking  
  111  13:01  Refinery  
  111  13:12  Supply Depot  
  111  13:13  SCV x2  
  56  13:28  Supply Depot  
  56  13:34  Marine x3, Supply Depot  
  53  13:42  Viking  
  54  13:52  Marine x3, Supply Depot  
  57  13:57  Missile Turret  
  43  14:09  Marine  
  42  14:10  Marine  
  42  14:15  Missile Turret  
  30  14:17  Missile Turret  
Show
View Real Time Build Order
Export as new Build Order

Ratl Protoss - Winner!

Build Orders:  

Get SALT Encoding   

  12  0:00  Probe  
  13  0:13  Probe  
  14  0:19  Pylon  
  14  0:25  Probe  
  15  0:37  Probe  
  16  0:43  Gateway  
  16  0:49  Probe  
  17  1:00  Gateway  
  17  1:07  Probe (Chrono Boost)  
  18  1:13  Assimilator  
  18  1:17  Probe (Chrono Boost)  
  19  1:22  Probe (Chrono Boost)  
  20  1:33  Cybernetics Core  
  20  1:37  Probe  
  21  1:44  Assimilator  
  21  1:49  Probe  
  22  2:01  Probe  
  23  2:02  Pylon  
  23  2:16  Pylon  
  23  2:20  Probe, Stalker x2  
  28  2:22  Warp Gate (Chrono Boost)  
  28  2:32  Probe  
  29  2:44  Probe  
  29  2:51  Nexus  
  30  2:56  Probe  
  31  3:08  Probe  
  32  3:13  Stalker  
  32  3:15  Stalker  
  36  3:20  Probe (Chrono Boost)  
  37  3:27  Stargate  
  37  3:33  Probe (Chrono Boost)  
  38  3:39  Probe (Chrono Boost)  
  40  4:02  Probe  
  40  4:04  Probe  
  41  4:15  Probe  
  41  4:16  Probe  
  43  4:25  Stargate  
  43  4:39  Robotics Facility  
  43  4:44  Phoenix  
  45  4:47  Protoss Air Weapons Level 1 (Chrono Boost)  
  45  4:53  Probe (Chrono Boost)  
  45  4:55  Probe (Chrono Boost)  
  47  5:03  Assimilator  
  47  5:04  Stalker  
  47  5:05  Probe (Chrono Boost), Assimilator  
  51  5:10  Probe (Chrono Boost)  
  51  5:13  Probe (Chrono Boost)  
  52  5:17  Probe  
  53  5:22  Probe  
  54  5:31  Pylon  
  54  5:37  Pylon  
  54  5:49  Phoenix, Probe x2  
  58  5:50  Pylon  
  58  5:52  Pylon  
  58  6:01  Probe x2  
  60  6:07  Phoenix, Fleet Beacon  
  62  6:13  Probe x2, Stalker  
  66  6:26  Warp Prism  
  68  6:44  Stalker x2  
  72  6:50  Protoss Air Armor Level 1 (Chrono Boost)  
  72  6:51  Unknown  
  72  7:02  Observer  
  72  7:08  Assimilator, Nexus  
  73  7:11  Gateway, Assimilator  
  73  7:13  Gateway  
  73  7:14  Pylon  
  73  7:15  Void Ray  
  77  7:16  Gateway  
  77  7:17  Pylon, Stargate  
  77  7:18  Zealot  
  77  7:19  Zealot  
  81  7:24  Observer  
  80  7:35  Probe x2  
  80  7:42  Void Ray  
  84  7:47  Probe x2  
  86  7:57  Void Ray  
  90  7:59  Probe x2  
  92  8:09  Zealot x3  
  92  8:11  Probe  
  99  8:19  Void Ray  
  99  8:21  Immortal  
  107  8:30  Probe x2  
  107  8:33  Probe  
  110  8:42  Probe x2  
  110  8:45  Probe  
  110  8:46  Void Ray  
  113  8:54  Protoss Air Weapons Level 2 (Chrono Boost)  
  117  9:13  Pylon  
  117  9:16  Pylon  
  117  9:24  Pylon  
  117  9:28  Pylon  
  117  9:36  Pylon  
  117  9:38  Pylon  
  117  9:39  Void Ray  
  117  9:40  Void Ray x2  
  117  9:48  Nexus  
  117  9:50  Immortal  
  133  9:52  Pylon  
  133  9:55  Pylon  
  133  10:05  Probe x2  
  133  10:06  Probe, Stargate x2  
  136  10:17  Probe  
  137  10:26  Shield Battery  
  137  10:28  Shield Battery  
  137  10:29  Forge, Shield Battery  
  137  10:31  Shield Battery  
  137  10:32  Shield Battery  
  137  10:34  Pylon  
  137  10:37  Stalker  
  137  10:38  Zealot, Stalker  
  137  10:39  Zealot x2  
  137  10:41  Shield Battery  
  137  10:42  Void Ray x2  
  155  10:44  Pylon  
  155  10:59  Protoss Air Armor Level 2 (Chrono Boost)  
  155  11:26  Immortal  
  155  11:29  Assimilator  
  155  11:30  Assimilator  
  155  11:33  Stalker x3  
  155  11:34  Void Ray x3 (Chrono Boost)  
  155  11:36  Pylon  
  155  11:37  Pylon  
  177  11:44  Protoss Shields Level 1  
  177  12:09  Sentry x2  
  177  12:10  Sentry x2  
  177  12:11  Sentry  
  187  12:24  Void Ray x2  
  187  12:34  Void Ray  
  142  13:56  Stalker x3  
  142  13:57  Zealot x2  
  140  14:26  Zealot x5  
Tags
 
Add a new tag
Caveats
  • Supply blocks, unpowered buildings, or Contaminate may cause inaccurate times.
  • Supply counts are checked every 10 seconds.